AoeStats
← Carple

Black Forest

504589761Analyzed
4v4 RM · 27d ago on Sep 5, 2026· 38m 51s· 8 players
Game mode
Random Map
Map size
Large (8 player)
Population
200
Speed
Normal
Resources
Standard
Victory
Conquest
Starting age
Dark Age
Ending age
Imperial Age
RankedLock teamsTeams togetherTeam positionsShared explorationLock speedFull tech treeHidden civsTurbo modeCheats
Victory
Defeat
🇹🇼 Persians · Taiwan
1079
+11
🇨🇳 Teutons · China
1077
+11
🇧🇪 Romans · Belgium
1068
+12
🇹🇷 Turks · Türkiye
1017
+15
🇺🇸 Bohemians · United States
1000
-13
🇷🇴 Persians · Romania
993
-13
🇨🇦 Spanish · Canada
988
-13
🇲🇽 Hindustanis · Mexico
916
-10
joseph.thell28
0:38 Loom
13:16 Feudal Age
14:05 Double-Bit Axe
14:01 Horse Collar
16:33 Wheelbarrow
19:47 Castle Age
23:15 Bow Saw
23:09 Heavy Plow
23:20 Fervor
26:45 Scale Barding Armor
26:52 Forging
26:34 Pikeman
29:54 Hand Cart
36:46 Imperial Age
36:17 Hand Cart
35:48 Town Watch
37:33 Chemistry
36:47 Fortified Wall
37:20 Town Patrol
37:15 Fletching
37:26 Scale Mail Armor
38:01 Iron Casting
37:30 Halberdier
38:51 Murder Holes
ULG_1
0:37 Loom
13:46 Feudal Age
19:59 Castle Age
19:26 Double-Bit Axe
19:24 Horse Collar
Carple
0:32 Loom
11:40 Feudal Age
12:36 Double-Bit Axe
18:03 Castle Age
16:26 Horse Collar
18:15 Forging
17:59 Stone Mining
19:29 Bow Saw
20:56 Wheelbarrow
22:10 Heavy Plow
24:38 Husbandry
24:48 Bloodlines
27:38 Bloodlines
30:43 Scale Barding Armor
31:14 Iron Casting
32:49 Chain Barding Armor
37:30 Imperial Age
35:07 Fletching
37:37 Cavalier
PaulSorin93
10:09 Feudal Age
13:01 Loom
15:41 Castle Age
14:22 Double-Bit Axe
14:22 Horse Collar
17:20 Bow Saw
22:45 Town Watch
24:40 Wheelbarrow
26:36 Fervor
26:52 Husbandry
29:28 Caravan
30:16 Hand Cart
30:44 Scale Barding Armor
32:34 Murder Holes
32:53 Forging
33:09 Chain Barding Armor
37:10 Heavy Plow
38:12 Ballistics
38:03 Masonry
40:31 Imperial Age
38:20 Town Patrol
小汽車
10:21 Feudal Age
11:08 Loom
15:08 Castle Age
15:16 Double-Bit Axe
17:59 Horse Collar
21:58 Bow Saw
24:02 Heavy Plow
24:07 Fletching
26:37 Bodkin Arrow
27:38 Padded Archer Armor
28:03 Kamandaran
28:00 Crossbowman
28:48 Thumb Ring
29:25 Ballistics
29:39 Leather Archer Armor
35:04 Imperial Age
35:57 Conscription
36:16 Ring Archer Armor
36:54 Chemistry
36:07 Masonry
37:42 Two-Man Saw
37:26 Wheelbarrow
36:41 Town Watch
紫幽冰云
9:50 Loom
11:41 Feudal Age
19:36 Castle Age
18:26 Double-Bit Axe
19:35 Gold Mining
19:30 Horse Collar
19:54 Crossbowman
20:28 Fletching
21:56 Bow Saw
21:55 Heavy Plow
22:25 Padded Archer Armor
23:26 Crossbowman
26:47 Wheelbarrow
30:36 Hand Cart
31:01 Bodkin Arrow
31:23 Leather Archer Armor
33:19 Forging
33:15 Scale Barding Armor
34:14 Bloodlines
37:34 Imperial Age
38:09 Iron Casting
37:54 Chain Barding Armor
37:53 Cavalier
ertk
0:42 Loom
11:15 Feudal Age
12:25 Double-Bit Axe
15:56 Castle Age
14:12 Horse Collar
15:59 Wheelbarrow
17:17 Bow Saw
23:02 Heavy Plow
23:50 Gold Mining
31:01 Imperial Age
29:31 Padded Archer Armor
30:28 Gold Shaft Mining
29:43 Stone Mining
31:48 Leather Archer Armor
31:24 Fletching
32:12 Artillery
33:51 Conscription
34:37 Ballistics
33:58 Treadmill Crane
34:01 Heavy Camel Rider
34:41 Husbandry
34:52 Bloodlines
36:23 Ring Archer Armor
35:49 Bodkin Arrow
36:00 Scale Barding Armor
36:06 Forging
35:56 Scale Mail Armor
36:24 Elite Janissary
Deacon San John
11:31 Feudal Age
12:21 Double-Bit Axe
17:03 Castle Age
15:20 Horse Collar
16:53 Wheelbarrow
16:05 Town Watch
16:28 Loom
18:13 Bow Saw
20:07 Bow Saw
20:34 Heavy Plow
21:03 Stone Mining
27:29 Hand Cart
28:15 Masonry
30:56 Imperial Age
28:27 Town Patrol
28:41 Gold Mining
30:34 Fletching
31:33 Ballistics
32:15 Crop Rotation
32:13 Conscription
32:30 Ballistas
31:56 Pikeman
32:37 Squires
32:59 Heavy Scorpion
35:41 Gold Shaft Mining
35:13 Scale Mail Armor
35:24 Forging
35:28 Halberdier
37:25 Architecture
37:01 Siege Engineers
37:59 Chemistry
37:30 Architecture
36:57 Murder Holes
37:01 Bodkin Arrow
37:42 Iron Casting
37:23 Chain Mail Armor
Connection lost

Rejoining the realm…

Still unreachable

The connection could not be restored.

Session expired

The server has moved on; the page needs a fresh start.